 Dungeon Crawl Stone Soup version 0.31-a0-217-g58bb5d79cf (webtiles) character file.

Game seed: 7974172824470725295

9100 qw the Cleaver (level 11, -1/71 HPs)
             Began as a Gargoyle Fighter on July 2, 2023.
             Was an Elder of Okawaru.
             Slain by an eight-headed hydra (2 damage)
             ... on level 1 of the Lair of Beasts.
             The game lasted 00:08:32 (8188 turns).

qw the Cleaver (Gargoyle Fighter)                   Turns: 8188, Time: 00:08:32

Health: -1/71      AC: 35    Str: 24    XL:     11   Next: 41%
Magic:  12/14      EV: 10    Int:  9    God:    Okawaru [****..]
Gold:   380        SH: 13    Dex: 12    Spells: 10/10 levels left

rFire   + . .        h - +1 flail (holy)
rCold   + + .        x - +2 buckler
rNeg    + . .        j - +1 plate armour
rPois   inf          a - +2 helmet
rElec   +            c - +2 cloak
rCorr   .            f - +2 pair of gloves
SInv    +            (no boots)
Will    .....        b - amulet "Wink" {Reflect rF+ Dex+3 SH+5} Stlth
                     p - ring of see invisible
HPRegen 0.31/turn    s - ring of protection from cold
MPRegen 0.14/turn

%: reflection
@: heroic
A: sickness immunity, AC +8, negative energy resistance 1, electricity
resistance, torment resistance 1, petrification resistance, cold resistance 1
a: Renounce Religion, Heroism, Finesse


You were on level 1 of the Lair of Beasts.
You worshipped Okawaru.
Okawaru was greatly pleased with you.
You visited 3 branches of the dungeon, and saw 10 of its levels.

You collected 380 gold pieces.


Innate Abilities, Weirdness & Mutations

You are immune to sickness and miasma.
Your stone body is resilient. (AC +8)
You are immune to poison.
You resist negative energy. (rN+)
You are resistant to electric shocks. (rElec)
You are resistant to unholy torment.
You are immune to petrification.
Your flesh is cold resistant. (rC+)


   Skills:
 - Level 9.3(14.3) Fighting
 + Level 11.0(16.0) Axes
 - Level 2.3(7.3) Throwing
 - Level 8.2(13.2) Armour
 - Level 2.5(7.5) Dodging
 - Level 5.3(10.3) Shields
 + Level 5.0 Invocations


You had 10 spell levels left.
You didn't know any spells.
Your spell library was empty.

Inventory:

Hand Weapons
 h - a +1 flail of holy wrath (weapon)
 q - a +1 heavy war axe
Missiles
 y - 2 silver boomerangs (quivered)
Armour
 a - a +2 helmet (worn)
 c - a +2 cloak (worn)
 f - a +2 pair of gloves (worn)
 j - a +1 plate armour (worn)
 x - a +2 buckler (worn)
Jewellery
 b - the amulet "Wink" (around neck) {Reflect rF+ Dex+3 SH+5}
   (You found it on level 6 of the Dungeon)

   [amulet of reflection]

   It reflects blocked missile attacks.
   Dex:       It affects your dexterity (+3).
   rF:        It protects you from fire.
   SH:        It affects your SH (+5).
 i - a ring of wizardry
 p - a ring of see invisible (left hand)
 s - a ring of protection from cold (right hand)
 w - an amulet of guardian spirit
 Y - the ring of the Four Nights {Ice Will+}
   (You found it on level 6 of the Dungeon)

   [ring of ice]

   It enhances your ice magic.
   rF:        It makes you vulnerable to fire.
   rC:        It protects you from cold.
   Will:      It increases your willpower.
Wands
 k - a wand of digging (1)
Scrolls
 m - a scroll of identify
Potions
 d - 3 potions of might
 e - 4 potions of curing
 g - a potion of lignification
 l - a potion of mutation
 n - a potion of haste
 r - a potion of resistance {unknown}
 t - a potion of berserk rage {unknown}
 u - a potion of attraction {unknown}
 v - a potion of cancellation

Dungeon Overview and Level Annotations

Branches:
Dungeon (8/15)             Temple (1/1) D:4            Lair (1/5) D:8

Altars:
Ashenzari
Cheibriados
Dithmenos
Fedhas
Gozag
Kikubaaqudgha
Makhleb
Nemelex Xobeh
Okawaru
Qazlal
Ru
Sif Muna
Trog
Wu Jian
Xom
Yredelemnul
Zin
The Shining One

Shops:
D:1 (

Annotations:
D:8 2 transporters, qw's ghost, novice GrFi


Message History

The eight-headed hydra barely misses you.
The eight-headed hydra bites you but does no damage. x2
You hit the eight-headed hydra but do no damage.
The eight-headed hydra is heavily wounded.
You block the hell rat's attack. You block the death yak's attack.
You sock the eight-headed hydra!
The eight-headed hydra is severely wounded.
The eight-headed hydra bites you but does no damage. x3
You block the eight-headed hydra's attack.
The eight-headed hydra bites you but does no damage. x4
You block the hell rat's attack.
The death yak gores you but does no damage.
You bludgeon the eight-headed hydra!!
The eight-headed hydra is almost dead.
You feel like a meek peon again.
The hell rat bites you but does no damage.
The eight-headed hydra barely misses you.
You block the eight-headed hydra's attack.
The eight-headed hydra bites you but does no damage.
The eight-headed hydra barely misses you.
The eight-headed hydra bites you but does no damage. x3
The eight-headed hydra bites you.
8187 ||| INVOKING Heroism.
You gain the combat prowess of a mighty hero.
The death yak gores you but does no damage.
The hell rat bites you but does no damage.
You block the eight-headed hydra's attack.
The eight-headed hydra barely misses you.
The eight-headed hydra completely misses you.
The eight-headed hydra barely misses you.
The eight-headed hydra bites you but does no damage.
You block the eight-headed hydra's attack.
The eight-headed hydra bites you but does no damage. x2
You barely miss the eight-headed hydra.
The eight-headed hydra is almost dead.
You block the death yak's attack. You block the hell rat's attack.
The eight-headed hydra bites you.
The eight-headed hydra completely misses you.
The eight-headed hydra bites you. x2
You die...

##..~~~~~~~~~# ###
##..~~~~...~~~# #
######...~~~.....~~##
#
...##.........#..~~~#
..............#..~~~#
#####.........##..~~#
#.#........##..~~#
####....[..#..~~~#
### ##.....##.@~~~#
... ##...###rYD~##
... #..###..~~~# #..
#..#~~..~~~# #...
#..#~...~~~r #...
##.#...~~~~~~ #...
###..~~~~~~~~ #...
##.~~~~~~~~. #...
#...


You could see a death yak, an eight-headed hydra and 2 hell rats.

Vanquished Creatures
  An alligator (Lair:1)
  Nergalle (Lair:1)
  Pikel (D:8)
  Maurice (D:8)
  A rime drake (Lair:1)
  A cane toad (Lair:1)
  2 komodo dragons (Lair:1)
  A hornet (D:8)
  Prince Ribbit (D:7)
  7 yaks (Lair:1)
  Eustachio (D:5)
  2 wyverns
  2 steam dragons
  A basilisk (Lair:1)
  Grum (D:8)
  2 water moccasins (Lair:1)
  Duvessa (D:5)
  3 orc warriors
  4 ice beasts
  A sky beast (D:7)
  2 black bears (D:6)
  6 wolves
  2 centaurs
  4 lemures (D:8)
  2 phantoms
  A gnoll sergeant (D:8)
  A bullfrog (D:8)
  6 scorpions
  3 wights (D:7)
  Dowan (D:5)
  6 killer bees (D:8)
  3 electric eels
  A howler monkey (D:5)
  2 hounds
  2 orc priests
  4 iguanas
  A sleepcap (D:8)
  8 orc wizards
  Ijyb (D:3)
  Robin (D:2)
  5 adders
  3 gnolls (D:8)
  A river rat (D:3)
  2 shadow imps
  2 white imps (D:5)
  3 ufetubi
  2 worms
  2 dart slugs
  19 orcs
  4 endoplasms
  4 giant cockroaches
  16 goblins
  12 hobgoblins
  4 jackals (D:5)
  4 quokkas
  4 ball pythons
  3 bats (D:1)
  2 frilled lizards
  4 kobolds
  7 rats
195 creatures vanquished.

Notes
Turn   | Place    | Note
-------+----------+-------------------------------------------
     0 | D:1      | qw the Gargoyle Fighter began the quest for the Orb.
     0 | D:1      | Reached XP level 1. HP: 14/14 MP: 1/1
     0 | D:1      | 0 ||| qw: Version: 0.3-a-40-ge99b1a8
     0 | D:1      | 0 ||| qw: Game counter: 28
     0 | D:1      | 0 ||| qw: Melee chars always use a shield: true
     0 | D:1      | 0 ||| qw: God list: Okawaru
     0 | D:1      | 0 ||| qw: Allow faded altars: false
     0 | D:1      | 0 ||| qw: Do Orc after clearing Dungeon:15 true
     0 | D:1      | 0 ||| qw: Do second Lair branch before Depths: true
     0 | D:1      | 0 ||| qw: Lair rune preference: random
     0 | D:1      | 0 ||| qw: Goals: Normal, Zot:1-4, Slime:5, God:TSO, Crypt,
                  | Tomb, Abyss, Pan, Hells, Win
     0 | D:1      | 0 ||| PLANNING D:1-11
    61 | D:1      | Reached skill level 2 in Axes
   104 | D:1      | 104 ||| Stepping ~*~*~tactically~*~*~ (hiding).
   105 | D:1      | 105 ||| Stepping ~*~*~tactically~*~*~ (hiding).
   106 | D:1      | 106 ||| Stepping ~*~*~tactically~*~*~ (hiding).
   107 | D:1      | 107 ||| Stepping ~*~*~tactically~*~*~ (hiding).
   112 | D:1      | Reached XP level 2. HP: 19/19 MP: 2/2
   320 | D:1      | 320 ||| DROPPING +0 club.
   380 | D:1      | 380 ||| Stepping ~*~*~tactically~*~*~ (stealth).
   555 | D:1      | Found Nanwyufu's Antique Weapon Shop.
   565 | D:1      | Reached skill level 3 in Axes
   569 | D:1      | 569 ||| SHOPLISTING +5 demon whip "Spellbinder" {antimagic,
                  | disrupt, Will+} (1734 gold, have 36).
   569 | D:1      | 569 ||| SHOPLISTING mace (63 gold, have 36).
   634 | D:1      | 634 ||| READING 3 scrolls labelled BOAREA UTOIRR.
   635 | D:1      | 635 ||| READING scroll labelled KOKARA JEUGINI.
   636 | D:1      | 636 ||| READING scroll labelled RUCVE KYCWI.
   637 | D:1      | 637 ||| DRINKING 2 grey potions.
   638 | D:1      | 638 ||| DROPPING 2 scrolls of poison.
   660 | D:2      | 660 ||| STAIRDANCE
   719 | D:2      | Reached XP level 3. HP: 23/23 MP: 3/3
   902 | D:2      | 902 ||| Stepping ~*~*~tactically~*~*~ (hiding).
  1163 | D:2      | Found a shimmering altar of Xom.
  1367 | D:2      | 1367 ||| READING scroll labelled QIZ ZULYDYWNOXT.
  1389 | D:3      | Noticed Robin
  1390 | D:3      | 1390 ||| PLANNING SEWER
  1393 | D:3      | 1393 ||| STAIRDANCE
  1400 | D:2      | Killed Robin
  1410 | D:2      | Reached XP level 4. HP: 21/28 MP: 4/4
  1438 | D:2      | 1438 ||| UPGRADING to +2 helmet.
  1448 | D:3      | 1448 ||| STAIRDANCE
  1507 | D:3      | Reached skill level 4 in Axes
  1534 | D:3      | Noticed a scorpion
  1540 | D:3      | Killed a scorpion
  1541 | D:3      | Reached XP level 5. HP: 31/32 MP: 5/5
  1611 | D:3      | Noticed Ijyb
  1626 | D:3      | Killed Ijyb
  1670 | D:3      | 1670 ||| Stepping ~*~*~tactically~*~*~ (stealth).
  1735 | D:3      | Found a shimmering altar of Xom.
  1750 | D:3      | You fall into a shaft and drop 2 floors!
  1750 | D:5      | Entered Level 5 of the Dungeon
  1768 | D:5      | Reached skill level 5 in Axes
  1825 | D:5      | Reached XP level 6. HP: 31/38 MP: 6/6
  1828 | D:5      | Reached skill level 1 in Dodging
  1891 | D:5      | 1891 ||| READING scroll labelled RIN LOIHYCEG.
  1904 | D:5      | HP: 8/38 [centaur (4)]
  1905 | D:5      | 1905 ||| DRINKING 2 potions of heal wounds.
  1945 | D:5      | 1945 ||| Stepping ~*~*~tactically~*~*~ (stealth).
  1966 | D:5      | 1966 ||| Stepping ~*~*~tactically~*~*~ (stealth).
  1977 | D:5      | 1977 ||| READING scroll labelled CUOTTYDUR.
  1978 | D:5      | 1978 ||| Stepping randomly (stuck).
  1979 | D:5      | 1979 ||| Stepping ~*~*~tactically~*~*~ (stealth).
  1980 | D:5      | 1980 ||| Stepping randomly (stuck).
  1981 | D:5      | 1981 ||| Stepping randomly (stuck).
  1982 | D:5      | 1982 ||| Stepping randomly (stuck).
  1983 | D:5      | 1983 ||| Stepping randomly (stuck).
  1984 | D:5      | 1984 ||| Stepping randomly (stuck).
  1993 | D:5      | Noticed Eustachio
  2009 | D:5      | HP: 9/38 [river rat[Eustachio] (5)]
  2010 | D:5      | 2010 ||| DRINKING potion of heal wounds.
  2020 | D:5      | HP: 8/38 [quasit[Eustachio] (2)]
  2024 | D:5      | HP: 2/38 [quasit[Eustachio] (2)]
  2027 | D:5      | Killed Eustachio
  2028 | D:5      | Reached skill level 6 in Axes
  2028 | D:5      | Reached XP level 7. HP: 3/43 MP: 7/7
  2061 | D:5      | 2061 ||| Stepping ~*~*~tactically~*~*~ (stealth).
  2175 | D:5      | 2175 ||| Stepping randomly (stuck).
  2176 | D:5      | 2176 ||| Stepping randomly (stuck).
  2177 | D:5      | 2177 ||| Stepping randomly (stuck).
  2178 | D:5      | 2178 ||| Stepping randomly (stuck).
  2179 | D:5      | 2179 ||| Stepping randomly (stuck).
  2180 | D:5      | 2180 ||| Stepping randomly (stuck).
  2181 | D:5      | 2181 ||| Stepping randomly (stuck).
  2182 | D:5      | 2182 ||| Stepping randomly (stuck).
  2183 | D:5      | 2183 ||| Stepping randomly (stuck).
  2184 | D:5      | 2184 ||| Stepping randomly (stuck).
  2185 | D:5      | 2185 ||| Stepping randomly (stuck).
  2186 | D:5      | 2186 ||| Stepping randomly (stuck).
  2187 | D:5      | 2187 ||| Stepping randomly (stuck).
  2188 | D:5      | 2188 ||| Stepping randomly (stuck).
  2189 | D:5      | 2189 ||| Stepping randomly (stuck).
  2190 | D:5      | 2190 ||| Stepping randomly (stuck).
  2191 | D:5      | 2191 ||| Stepping randomly (stuck).
  2192 | D:5      | 2192 ||| Stepping randomly (stuck).
  2193 | D:5      | 2193 ||| Stepping randomly (stuck).
  2194 | D:5      | 2194 ||| Stepping randomly (stuck).
  2195 | D:5      | 2195 ||| Stepping randomly (stuck).
  2196 | D:5      | 2196 ||| Stepping randomly (stuck).
  2197 | D:5      | 2197 ||| Stepping randomly (stuck).
  2198 | D:5      | 2198 ||| Stepping randomly (stuck).
  2199 | D:5      | 2199 ||| Stepping randomly (stuck).
  2200 | D:5      | 2200 ||| Stepping randomly (stuck).
  2201 | D:5      | 2201 ||| Stepping randomly (stuck).
  2202 | D:5      | 2202 ||| Stepping randomly (stuck).
  2203 | D:5      | 2203 ||| Stepping randomly (stuck).
  2212 | D:5      | 2212 ||| Stepping randomly (stuck).
  2213 | D:5      | 2213 ||| Stepping randomly (stuck).
  2214 | D:5      | 2214 ||| Stepping randomly (stuck).
  2215 | D:5      | 2215 ||| Stepping randomly (stuck).
  2216 | D:5      | 2216 ||| Stepping randomly (stuck).
  2217 | D:5      | 2217 ||| Stepping randomly (stuck).
  2218 | D:5      | 2218 ||| Stepping randomly (stuck).
  2219 | D:5      | 2219 ||| Stepping randomly (stuck).
  2220 | D:5      | 2220 ||| Stepping randomly (stuck).
  2221 | D:5      | 2221 ||| Stepping randomly (stuck).
  2222 | D:5      | 2222 ||| Stepping randomly (stuck).
  2223 | D:5      | 2223 ||| Stepping randomly (stuck).
  2224 | D:5      | 2224 ||| Stepping randomly (stuck).
  2225 | D:5      | 2225 ||| Stepping randomly (stuck).
  2226 | D:5      | 2226 ||| Stepping randomly (stuck).
  2227 | D:5      | 2227 ||| Stepping randomly (stuck).
  2228 | D:5      | 2228 ||| Stepping randomly (stuck).
  2229 | D:5      | 2229 ||| Stepping randomly (stuck).
  2230 | D:5      | 2230 ||| Stepping randomly (stuck).
  2231 | D:5      | 2231 ||| Stepping randomly (stuck).
  2232 | D:5      | 2232 ||| Stepping randomly (stuck).
  2233 | D:5      | 2233 ||| Stepping randomly (stuck).
  2234 | D:5      | 2234 ||| Stepping randomly (stuck).
  2235 | D:5      | 2235 ||| Stepping randomly (stuck).
  2236 | D:5      | 2236 ||| Stepping randomly (stuck).
  2237 | D:5      | 2237 ||| Stepping randomly (stuck).
  2238 | D:5      | 2238 ||| Stepping randomly (stuck).
  2239 | D:5      | 2239 ||| Stepping randomly (stuck).
  2240 | D:5      | 2240 ||| Stepping randomly (stuck).
  2241 | D:5      | 2241 ||| Stepping randomly (stuck).
  2242 | D:5      | 2242 ||| Stepping randomly (stuck).
  2243 | D:5      | 2243 ||| Stepping randomly (stuck).
  2244 | D:5      | 2244 ||| Stepping randomly (stuck).
  2245 | D:5      | 2245 ||| Stepping randomly (stuck).
  2246 | D:5      | 2246 ||| Stepping randomly (stuck).
  2247 | D:5      | 2247 ||| Stepping randomly (stuck).
  2248 | D:5      | 2248 ||| Stepping randomly (stuck).
  2249 | D:5      | 2249 ||| Stepping randomly (stuck).
  2250 | D:5      | 2250 ||| Stepping randomly (stuck).
  2251 | D:5      | 2251 ||| Stepping randomly (stuck).
  2252 | D:5      | 2252 ||| Stepping randomly (stuck).
  2253 | D:5      | 2253 ||| Stepping randomly (stuck).
  2254 | D:5      | 2254 ||| Stepping randomly (stuck).
  2255 | D:5      | 2255 ||| Stepping randomly (stuck).
  2256 | D:5      | 2256 ||| Stepping randomly (stuck).
  2257 | D:5      | 2257 ||| Stepping randomly (stuck).
  2258 | D:5      | 2258 ||| Stepping randomly (stuck).
  2259 | D:5      | 2259 ||| Stepping randomly (stuck).
  2260 | D:5      | 2260 ||| Stepping randomly (stuck).
  2261 | D:5      | 2261 ||| Stepping randomly (stuck).
  2262 | D:5      | 2262 ||| Stepping randomly (stuck).
  2263 | D:5      | 2263 ||| Stepping randomly (stuck).
  2264 | D:5      | 2264 ||| Stepping randomly (stuck).
  2265 | D:5      | 2265 ||| Stepping randomly (stuck).
  2266 | D:5      | 2266 ||| Stepping randomly (stuck).
  2267 | D:5      | 2267 ||| Stepping randomly (stuck).
  2268 | D:5      | 2268 ||| Stepping randomly (stuck).
  2269 | D:5      | 2269 ||| Stepping randomly (stuck).
  2270 | D:5      | 2270 ||| Stepping randomly (stuck).
  2271 | D:5      | 2271 ||| Stepping randomly (stuck).
  2272 | D:5      | 2272 ||| Stepping randomly (stuck).
  2285 | D:5      | 2285 ||| Stepping randomly (stuck).
  2286 | D:5      | 2286 ||| Stepping randomly (stuck).
  2298 | D:5      | Reached skill level 7 in Axes
  2345 | D:5      | 2345 ||| Stepping randomly (stuck).
  2346 | D:5      | 2346 ||| Stepping randomly (stuck).
  2347 | D:5      | 2347 ||| Stepping randomly (stuck).
  2348 | D:5      | 2348 ||| Stepping randomly (stuck).
  2349 | D:5      | 2349 ||| Stepping randomly (stuck).
  2369 | D:5      | 2369 ||| Stepping randomly (stuck).
  2370 | D:5      | 2370 ||| Stepping randomly (stuck).
  2371 | D:5      | 2371 ||| Stepping randomly (stuck).
  2372 | D:5      | 2372 ||| Stepping randomly (stuck).
  2373 | D:5      | 2373 ||| Stepping randomly (stuck).
  2374 | D:5      | 2374 ||| Stepping randomly (stuck).
  2375 | D:5      | 2375 ||| Stepping randomly (stuck).
  2376 | D:5      | 2376 ||| Stepping randomly (stuck).
  2377 | D:5      | 2377 ||| Stepping randomly (stuck).
  2378 | D:5      | 2378 ||| Stepping randomly (stuck).
  2379 | D:5      | 2379 ||| Stepping randomly (stuck).
  2380 | D:5      | 2380 ||| Stepping randomly (stuck).
  2381 | D:5      | 2381 ||| Stepping randomly (stuck).
  2382 | D:5      | 2382 ||| Stepping randomly (stuck).
  2383 | D:5      | 2383 ||| Stepping randomly (stuck).
  2384 | D:5      | 2384 ||| Stepping randomly (stuck).
  2385 | D:5      | 2385 ||| Stepping randomly (stuck).
  2386 | D:5      | 2386 ||| Stepping randomly (stuck).
  2387 | D:5      | 2387 ||| Stepping randomly (stuck).
  2388 | D:5      | 2388 ||| Stepping randomly (stuck).
  2389 | D:5      | 2389 ||| Stepping randomly (stuck).
  2390 | D:5      | 2390 ||| Stepping randomly (stuck).
  2391 | D:5      | 2391 ||| Stepping randomly (stuck).
  2392 | D:5      | 2392 ||| Stepping randomly (stuck).
  2393 | D:5      | 2393 ||| Stepping randomly (stuck).
  2394 | D:5      | 2394 ||| Stepping randomly (stuck).
  2395 | D:5      | 2395 ||| Stepping randomly (stuck).
  2396 | D:5      | 2396 ||| Stepping randomly (stuck).
  2397 | D:5      | 2397 ||| Stepping randomly (stuck).
  2398 | D:5      | 2398 ||| Stepping randomly (stuck).
  2399 | D:5      | 2399 ||| Stepping randomly (stuck).
  2400 | D:5      | 2400 ||| Stepping randomly (stuck).
  2401 | D:5      | 2401 ||| Stepping randomly (stuck).
  2402 | D:5      | 2402 ||| Stepping randomly (stuck).
  2403 | D:5      | 2403 ||| Stepping randomly (stuck).
  2404 | D:5      | 2404 ||| Stepping randomly (stuck).
  2405 | D:5      | 2405 ||| Stepping randomly (stuck).
  2406 | D:5      | 2406 ||| Stepping randomly (stuck).
  2407 | D:5      | 2407 ||| Stepping randomly (stuck).
  2408 | D:5      | 2408 ||| Stepping randomly (stuck).
  2409 | D:5      | 2409 ||| Stepping randomly (stuck).
  2410 | D:5      | 2410 ||| Stepping randomly (stuck).
  2411 | D:5      | 2411 ||| Stepping randomly (stuck).
  2412 | D:5      | 2412 ||| Stepping randomly (stuck).
  2413 | D:5      | 2413 ||| Stepping randomly (stuck).
  2414 | D:5      | 2414 ||| Stepping randomly (stuck).
  2415 | D:5      | 2415 ||| Stepping randomly (stuck).
  2416 | D:5      | 2416 ||| Stepping randomly (stuck).
  2417 | D:5      | 2417 ||| Stepping randomly (stuck).
  2418 | D:5      | 2418 ||| Stepping randomly (stuck).
  2420 | D:5      | 2420 ||| Stepping randomly (stuck).
  2421 | D:5      | 2421 ||| Stepping randomly (stuck).
  2422 | D:5      | 2422 ||| Stepping randomly (stuck).
  2423 | D:5      | 2423 ||| Stepping randomly (stuck).
  2424 | D:5      | 2424 ||| Stepping randomly (stuck).
  2425 | D:5      | 2425 ||| Stepping randomly (stuck).
  2426 | D:5      | 2426 ||| Stepping randomly (stuck).
  2427 | D:5      | 2427 ||| Stepping randomly (stuck).
  2428 | D:5      | 2428 ||| Stepping randomly (stuck).
  2429 | D:5      | 2429 ||| Stepping randomly (stuck).
  2430 | D:5      | 2430 ||| Stepping randomly (stuck).
  2431 | D:5      | 2431 ||| Stepping randomly (stuck).
  2432 | D:5      | 2432 ||| Stepping randomly (stuck).
  2433 | D:5      | 2433 ||| Stepping randomly (stuck).
  2434 | D:5      | 2434 ||| Stepping randomly (stuck).
  2436 | D:5      | 2436 ||| Stepping ~*~*~tactically~*~*~ (stealth).
  2445 | D:5      | 2445 ||| Stepping randomly (stuck).
  2446 | D:5      | 2446 ||| Stepping randomly (stuck).
  2448 | D:5      | 2448 ||| DROPPING +0 whip.
  2449 | D:5      | 2449 ||| Stepping randomly (stuck).
  2450 | D:5      | 2450 ||| Stepping randomly (stuck).
  2451 | D:5      | 2451 ||| Stepping randomly (stuck).
  2452 | D:5      | 2452 ||| Stepping randomly (stuck).
  2454 | D:5      | 2454 ||| DRINKING 2 murky emerald potions.
  2454 | D:5      | Gained mutation: Your spells are a little harder to cast,
                  | but a little more powerful. [potion of mutation]
  2454 | D:5      | Gained mutation: You are vulnerable to cold. (rC-) [potion
                  | of mutation]
  2454 | D:5      | Gained mutation: You are vulnerable to heat. (rF-) [potion
                  | of mutation]
  2455 | D:5      | 2455 ||| DRINKING potion of mutation.
  2455 | D:5      | Lost mutation: Your spells are a little harder to cast, but
                  | a little more powerful. [potion of mutation]
  2455 | D:5      | Lost mutation: You are vulnerable to heat. (rF-) [potion of
                  | mutation]
  2455 | D:5      | Gained mutation: You have an increased reservoir of magic.
                  | (+10% MP) [potion of mutation]
  2455 | D:5      | Gained mutation: You are somewhat resistant to further
                  | mutation. [potion of mutation]
  2456 | D:5      | 2456 ||| Stepping randomly (stuck).
  2465 | D:5      | 2465 ||| Stepping randomly (stuck).
  2466 | D:5      | 2466 ||| Stepping randomly (stuck).
  2467 | D:5      | 2467 ||| Stepping randomly (stuck).
  2468 | D:5      | 2468 ||| Stepping randomly (stuck).
  2469 | D:5      | 2469 ||| Stepping randomly (stuck).
  2470 | D:5      | 2470 ||| Stepping randomly (stuck).
  2471 | D:5      | 2471 ||| Stepping randomly (stuck).
  2472 | D:5      | 2472 ||| Stepping randomly (stuck).
  2473 | D:5      | 2473 ||| Stepping randomly (stuck).
  2473 | D:5      | Noticed Duvessa
  2473 | D:5      | Noticed Dowan
  2478 | D:5      | Killed Duvessa
  2482 | D:5      | 2482 ||| Stepping ~*~*~tactically~*~*~ (hiding).
  2493 | D:5      | 2493 ||| Stepping ~*~*~tactically~*~*~ (hiding).
  2501 | D:5      | HP: 8/44 [Dowan/puff of flame (8)]
  2503 | D:5      | Killed Dowan
  2504 | D:5      | Reached skill level 1 in Throwing
  2633 | D:5      | 2633 ||| DROPPING potion of brilliance.
  2634 | D:5      | 2634 ||| Stepping randomly (stuck).
  2635 | D:5      | 2635 ||| Stepping randomly (stuck).
  2636 | D:5      | 2636 ||| Stepping randomly (stuck).
  2637 | D:5      | 2637 ||| Stepping randomly (stuck).
  2638 | D:5      | 2638 ||| Stepping randomly (stuck).
  2639 | D:5      | 2639 ||| Stepping randomly (stuck).
  2640 | D:5      | 2640 ||| Stepping randomly (stuck).
  2641 | D:5      | 2641 ||| Stepping randomly (stuck).
  2642 | D:5      | 2642 ||| Stepping randomly (stuck).
  2643 | D:5      | 2643 ||| Stepping randomly (stuck).
  2644 | D:5      | 2644 ||| Stepping randomly (stuck).
  2645 | D:5      | 2645 ||| Stepping randomly (stuck).
  2646 | D:5      | 2646 ||| Stepping randomly (stuck).
  2647 | D:5      | 2647 ||| Stepping randomly (stuck).
  2648 | D:5      | 2648 ||| Stepping randomly (stuck).
  2649 | D:5      | 2649 ||| Stepping randomly (stuck).
  2650 | D:5      | 2650 ||| Stepping randomly (stuck).
  2651 | D:5      | 2651 ||| Stepping randomly (stuck).
  2652 | D:5      | 2652 ||| Stepping randomly (stuck).
  2653 | D:5      | 2653 ||| Stepping randomly (stuck).
  2654 | D:5      | 2654 ||| Stepping randomly (stuck).
  2655 | D:5      | 2655 ||| Stepping randomly (stuck).
  2656 | D:5      | 2656 ||| Stepping randomly (stuck).
  2657 | D:5      | 2657 ||| Stepping randomly (stuck).
  2658 | D:5      | 2658 ||| Stepping randomly (stuck).
  2659 | D:5      | 2659 ||| Stepping randomly (stuck).
  2660 | D:5      | 2660 ||| Stepping randomly (stuck).
  2661 | D:5      | 2661 ||| Stepping randomly (stuck).
  2662 | D:5      | 2662 ||| Stepping randomly (stuck).
  2663 | D:5      | 2663 ||| Stepping randomly (stuck).
  2664 | D:5      | 2664 ||| Stepping randomly (stuck).
  2665 | D:5      | 2665 ||| Stepping randomly (stuck).
  2666 | D:5      | 2666 ||| Stepping randomly (stuck).
  2667 | D:5      | 2667 ||| Stepping randomly (stuck).
  2668 | D:5      | 2668 ||| Stepping randomly (stuck).
  2669 | D:5      | 2669 ||| Stepping randomly (stuck).
  2670 | D:5      | 2670 ||| Stepping randomly (stuck).
  2671 | D:5      | 2671 ||| Stepping randomly (stuck).
  2672 | D:5      | 2672 ||| Stepping randomly (stuck).
  2673 | D:5      | 2673 ||| Stepping randomly (stuck).
  2674 | D:5      | 2674 ||| Stepping randomly (stuck).
  2675 | D:5      | 2675 ||| Stepping randomly (stuck).
  2676 | D:5      | 2676 ||| Stepping randomly (stuck).
  2677 | D:5      | 2677 ||| Stepping randomly (stuck).
  2678 | D:5      | 2678 ||| Stepping randomly (stuck).
  2679 | D:5      | 2679 ||| Stepping randomly (stuck).
  2680 | D:5      | 2680 ||| Stepping randomly (stuck).
  2681 | D:5      | 2681 ||| Stepping randomly (stuck).
  2682 | D:5      | 2682 ||| Stepping randomly (stuck).
  2683 | D:5      | 2683 ||| Stepping randomly (stuck).
  2684 | D:5      | 2684 ||| Stepping randomly (stuck).
  2685 | D:5      | 2685 ||| Stepping randomly (stuck).
  2686 | D:5      | 2686 ||| Stepping randomly (stuck).
  2687 | D:5      | 2687 ||| Stepping randomly (stuck).
  2688 | D:5      | 2688 ||| Stepping randomly (stuck).
  2689 | D:5      | 2689 ||| Stepping randomly (stuck).
  2690 | D:5      | 2690 ||| Stepping randomly (stuck).
  2691 | D:5      | 2691 ||| Stepping randomly (stuck).
  2692 | D:5      | 2692 ||| Stepping randomly (stuck).
  2693 | D:5      | 2693 ||| Stepping randomly (stuck).
  2694 | D:5      | 2694 ||| Stepping randomly (stuck).
  2695 | D:5      | 2695 ||| Stepping randomly (stuck).
  2696 | D:5      | 2696 ||| Stepping randomly (stuck).
  2697 | D:5      | 2697 ||| Stepping randomly (stuck).
  2698 | D:5      | 2698 ||| Stepping randomly (stuck).
  2699 | D:5      | 2699 ||| Stepping randomly (stuck).
  2700 | D:5      | 2700 ||| Stepping randomly (stuck).
  2701 | D:5      | 2701 ||| Stepping randomly (stuck).
  2702 | D:5      | 2702 ||| Stepping randomly (stuck).
  2703 | D:5      | 2703 ||| Stepping randomly (stuck).
  2704 | D:5      | 2704 ||| Stepping randomly (stuck).
  2705 | D:5      | 2705 ||| Stepping randomly (stuck).
  2706 | D:5      | 2706 ||| Stepping randomly (stuck).
  2707 | D:5      | 2707 ||| Stepping randomly (stuck).
  2708 | D:5      | 2708 ||| Stepping randomly (stuck).
  2709 | D:5      | 2709 ||| Stepping randomly (stuck).
  2710 | D:5      | 2710 ||| Stepping randomly (stuck).
  2711 | D:5      | 2711 ||| Stepping randomly (stuck).
  2712 | D:5      | 2712 ||| Stepping randomly (stuck).
  2713 | D:5      | 2713 ||| Stepping randomly (stuck).
  2714 | D:5      | 2714 ||| Stepping randomly (stuck).
  2715 | D:5      | 2715 ||| Stepping randomly (stuck).
  2716 | D:5      | 2716 ||| Stepping randomly (stuck).
  2717 | D:5      | 2717 ||| Stepping randomly (stuck).
  2718 | D:5      | 2718 ||| Stepping randomly (stuck).
  2719 | D:5      | 2719 ||| Stepping randomly (stuck).
  2720 | D:5      | 2720 ||| Stepping randomly (stuck).
  2721 | D:5      | 2721 ||| Stepping randomly (stuck).
  2722 | D:5      | 2722 ||| Stepping randomly (stuck).
  2723 | D:5      | 2723 ||| Stepping randomly (stuck).
  2724 | D:5      | 2724 ||| Stepping randomly (stuck).
  2725 | D:5      | 2725 ||| Stepping randomly (stuck).
  2726 | D:5      | 2726 ||| Stepping randomly (stuck).
  2727 | D:5      | 2727 ||| Stepping randomly (stuck).
  2728 | D:5      | 2728 ||| Stepping randomly (stuck).
  2729 | D:5      | 2729 ||| Stepping randomly (stuck).
  2730 | D:5      | 2730 ||| Stepping randomly (stuck).
  2731 | D:5      | 2731 ||| Stepping randomly (stuck).
  2732 | D:5      | 2732 ||| Stepping randomly (stuck).
  2733 | D:5      | 2733 ||| Stepping randomly (stuck).
  2734 | D:5      | 2734 ||| Stepping randomly (stuck).
  2735 | D:5      | 2735 ||| Stepping randomly (stuck).
  2736 | D:5      | 2736 ||| Stepping randomly (stuck).
  2737 | D:5      | 2737 ||| Stepping randomly (stuck).
  2738 | D:5      | 2738 ||| Stepping randomly (stuck).
  2739 | D:5      | 2739 ||| Stepping randomly (stuck).
  2740 | D:5      | 2740 ||| Stepping randomly (stuck).
  2741 | D:5      | 2741 ||| Stepping randomly (stuck).
  2742 | D:5      | 2742 ||| Stepping randomly (stuck).
  2743 | D:5      | 2743 ||| Stepping randomly (stuck).
  2744 | D:5      | 2744 ||| Stepping randomly (stuck).
  2745 | D:5      | 2745 ||| Stepping randomly (stuck).
  2746 | D:5      | 2746 ||| Stepping randomly (stuck).
  2747 | D:5      | 2747 ||| Stepping randomly (stuck).
  2748 | D:5      | 2748 ||| Stepping randomly (stuck).
  2749 | D:5      | 2749 ||| Stepping randomly (stuck).
  2750 | D:5      | 2750 ||| Stepping randomly (stuck).
  2751 | D:5      | 2751 ||| Stepping randomly (stuck).
  2752 | D:5      | 2752 ||| Stepping randomly (stuck).
  2753 | D:5      | 2753 ||| Stepping randomly (stuck).
  2754 | D:5      | 2754 ||| Stepping randomly (stuck).
  2755 | D:5      | 2755 ||| Stepping randomly (stuck).
  2756 | D:5      | 2756 ||| Stepping randomly (stuck).
  2757 | D:5      | 2757 ||| Stepping randomly (stuck).
  2758 | D:5      | 2758 ||| Stepping randomly (stuck).
  2759 | D:5      | 2759 ||| Stepping randomly (stuck).
  2760 | D:5      | 2760 ||| Stepping randomly (stuck).
  2761 | D:5      | 2761 ||| Stepping randomly (stuck).
  2762 | D:5      | 2762 ||| Stepping randomly (stuck).
  2763 | D:5      | 2763 ||| Stepping randomly (stuck).
  2764 | D:5      | 2764 ||| Stepping randomly (stuck).
  2765 | D:5      | 2765 ||| Stepping randomly (stuck).
  2766 | D:5      | 2766 ||| Stepping randomly (stuck).
  2767 | D:5      | 2767 ||| Stepping randomly (stuck).
  2768 | D:5      | 2768 ||| Stepping randomly (stuck).
  2769 | D:5      | 2769 ||| Stepping randomly (stuck).
  2770 | D:5      | 2770 ||| Stepping randomly (stuck).
  2771 | D:5      | 2771 ||| Stepping randomly (stuck).
  2772 | D:5      | 2772 ||| Stepping randomly (stuck).
  2773 | D:5      | 2773 ||| Stepping randomly (stuck).
  2774 | D:5      | 2774 ||| Stepping randomly (stuck).
  2775 | D:5      | 2775 ||| Stepping randomly (stuck).
  2776 | D:5      | 2776 ||| Stepping randomly (stuck).
  2777 | D:5      | 2777 ||| Stepping randomly (stuck).
  2778 | D:5      | 2778 ||| Stepping randomly (stuck).
  2779 | D:5      | 2779 ||| Stepping randomly (stuck).
  2780 | D:5      | 2780 ||| Stepping randomly (stuck).
  2781 | D:5      | 2781 ||| Stepping randomly (stuck).
  2782 | D:5      | 2782 ||| Stepping randomly (stuck).
  2783 | D:5      | 2783 ||| Stepping randomly (stuck).
  2784 | D:5      | 2784 ||| Stepping randomly (stuck).
  2785 | D:5      | 2785 ||| Stepping randomly (stuck).
  2786 | D:5      | 2786 ||| Stepping randomly (stuck).
  2787 | D:5      | 2787 ||| Stepping randomly (stuck).
  2788 | D:5      | 2788 ||| Stepping randomly (stuck).
  2789 | D:5      | 2789 ||| Stepping randomly (stuck).
  2790 | D:5      | 2790 ||| Stepping randomly (stuck).
  2791 | D:5      | 2791 ||| Stepping randomly (stuck).
  2792 | D:5      | 2792 ||| Stepping randomly (stuck).
  2793 | D:5      | 2793 ||| Stepping randomly (stuck).
  2794 | D:5      | 2794 ||| Stepping randomly (stuck).
  2795 | D:5      | 2795 ||| Stepping randomly (stuck).
  2796 | D:5      | 2796 ||| Stepping randomly (stuck).
  2797 | D:5      | 2797 ||| Stepping randomly (stuck).
  2799 | D:5      | 2799 ||| Stepping randomly (stuck).
  2800 | D:5      | 2800 ||| Stepping randomly (stuck).
  2801 | D:5      | 2801 ||| Stepping randomly (stuck).
  2802 | D:5      | 2802 ||| Stepping randomly (stuck).
  2803 | D:5      | 2803 ||| Stepping randomly (stuck).
  2804 | D:5      | 2804 ||| Stepping randomly (stuck).
  2805 | D:5      | 2805 ||| Stepping randomly (stuck).
  2806 | D:5      | 2806 ||| Stepping randomly (stuck).
  2807 | D:5      | 2807 ||| Stepping randomly (stuck).
  2808 | D:5      | 2808 ||| Stepping randomly (stuck).
  2809 | D:5      | 2809 ||| Stepping randomly (stuck).
  2810 | D:5      | 2810 ||| Stepping randomly (stuck).
  2811 | D:5      | 2811 ||| Stepping randomly (stuck).
  2812 | D:5      | 2812 ||| Stepping randomly (stuck).
  2813 | D:5      | 2813 ||| Stepping randomly (stuck).
  2814 | D:5      | 2814 ||| Stepping randomly (stuck).
  2815 | D:5      | 2815 ||| Stepping randomly (stuck).
  2816 | D:5      | 2816 ||| Stepping randomly (stuck).
  2817 | D:5      | 2817 ||| Stepping randomly (stuck).
  2818 | D:5      | 2818 ||| Stepping randomly (stuck).
  2819 | D:5      | 2819 ||| Stepping randomly (stuck).
  2820 | D:5      | 2820 ||| Stepping randomly (stuck).
  2821 | D:5      | 2821 ||| Stepping randomly (stuck).
  2822 | D:5      | 2822 ||| Stepping randomly (stuck).
  2823 | D:5      | 2823 ||| Stepping randomly (stuck).
  2824 | D:5      | 2824 ||| Stepping randomly (stuck).
  2825 | D:5      | 2825 ||| Stepping randomly (stuck).
  2826 | D:5      | 2826 ||| Stepping randomly (stuck).
  2827 | D:5      | 2827 ||| Stepping randomly (stuck).
  2828 | D:5      | 2828 ||| Stepping randomly (stuck).
  2829 | D:5      | 2829 ||| Stepping randomly (stuck).
  2830 | D:5      | 2830 ||| Stepping randomly (stuck).
  2831 | D:5      | 2831 ||| Stepping randomly (stuck).
  2832 | D:5      | 2832 ||| Stepping randomly (stuck).
  2833 | D:5      | 2833 ||| Stepping randomly (stuck).
  2834 | D:5      | 2834 ||| Stepping randomly (stuck).
  2835 | D:5      | 2835 ||| Stepping randomly (stuck).
  2836 | D:5      | 2836 ||| Stepping randomly (stuck).
  2837 | D:5      | 2837 ||| Stepping randomly (stuck).
  2838 | D:5      | 2838 ||| Stepping randomly (stuck).
  2839 | D:5      | 2839 ||| Stepping randomly (stuck).
  2840 | D:5      | 2840 ||| Stepping randomly (stuck).
  2841 | D:5      | 2841 ||| Stepping randomly (stuck).
  2842 | D:5      | 2842 ||| Stepping randomly (stuck).
  2843 | D:5      | 2843 ||| Stepping randomly (stuck).
  2844 | D:5      | 2844 ||| Stepping randomly (stuck).
  2845 | D:5      | 2845 ||| Stepping randomly (stuck).
  2846 | D:5      | 2846 ||| Stepping randomly (stuck).
  2847 | D:5      | 2847 ||| Stepping randomly (stuck).
  2848 | D:5      | 2848 ||| Stepping randomly (stuck).
  2849 | D:5      | 2849 ||| Stepping randomly (stuck).
  2850 | D:5      | 2850 ||| Stepping randomly (stuck).
  2851 | D:5      | 2851 ||| Stepping randomly (stuck).
  2852 | D:5      | 2852 ||| Stepping randomly (stuck).
  2853 | D:5      | 2853 ||| Stepping randomly (stuck).
  2854 | D:5      | 2854 ||| Stepping randomly (stuck).
  2855 | D:5      | 2855 ||| Stepping randomly (stuck).
  2856 | D:5      | 2856 ||| Stepping randomly (stuck).
  2857 | D:5      | 2857 ||| Stepping randomly (stuck).
  2858 | D:5      | 2858 ||| Stepping randomly (stuck).
  2859 | D:5      | 2859 ||| Stepping randomly (stuck).
  2860 | D:5      | 2860 ||| Stepping randomly (stuck).
  2861 | D:5      | 2861 ||| Stepping randomly (stuck).
  2862 | D:5      | 2862 ||| Stepping randomly (stuck).
  2863 | D:5      | 2863 ||| Stepping randomly (stuck).
  2864 | D:5      | 2864 ||| Stepping randomly (stuck).
  2865 | D:5      | 2865 ||| Stepping randomly (stuck).
  2866 | D:5      | 2866 ||| Stepping randomly (stuck).
  2867 | D:5      | 2867 ||| Stepping randomly (stuck).
  2868 | D:5      | 2868 ||| Stepping randomly (stuck).
  2869 | D:5      | 2869 ||| Stepping randomly (stuck).
  2870 | D:5      | 2870 ||| Stepping randomly (stuck).
  2871 | D:5      | 2871 ||| Stepping randomly (stuck).
  2872 | D:5      | 2872 ||| Stepping randomly (stuck).
  2873 | D:5      | 2873 ||| Stepping randomly (stuck).
  2874 | D:5      | 2874 ||| Stepping randomly (stuck).
  2875 | D:5      | 2875 ||| Stepping randomly (stuck).
  2876 | D:5      | 2876 ||| Stepping randomly (stuck).
  2877 | D:5      | 2877 ||| Stepping randomly (stuck).
  2878 | D:5      | 2878 ||| Stepping randomly (stuck).
  2879 | D:5      | 2879 ||| Stepping randomly (stuck).
  2880 | D:5      | 2880 ||| Stepping randomly (stuck).
  2881 | D:5      | 2881 ||| Stepping randomly (stuck).
  2882 | D:5      | 2882 ||| Stepping randomly (stuck).
  2883 | D:5      | 2883 ||| Stepping randomly (stuck).
  2884 | D:5      | 2884 ||| Stepping randomly (stuck).
  2885 | D:5      | 2885 ||| Stepping randomly (stuck).
  2886 | D:5      | 2886 ||| Stepping randomly (stuck).
  2887 | D:5      | 2887 ||| Stepping randomly (stuck).
  2888 | D:5      | 2888 ||| Stepping randomly (stuck).
  2889 | D:5      | 2889 ||| Stepping randomly (stuck).
  2890 | D:5      | 2890 ||| Stepping randomly (stuck).
  2891 | D:5      | 2891 ||| Stepping randomly (stuck).
  2892 | D:5      | 2892 ||| Stepping randomly (stuck).
  2893 | D:5      | 2893 ||| Stepping randomly (stuck).
  2894 | D:5      | 2894 ||| Stepping randomly (stuck).
  2895 | D:5      | 2895 ||| Stepping randomly (stuck).
  2896 | D:5      | 2896 ||| Stepping randomly (stuck).
  2897 | D:5      | 2897 ||| Stepping randomly (stuck).
  2898 | D:5      | 2898 ||| Stepping randomly (stuck).
  2899 | D:5      | 2899 ||| Stepping randomly (stuck).
  2900 | D:5      | 2900 ||| Stepping randomly (stuck).
  2901 | D:5      | 2901 ||| Stepping randomly (stuck).
  2902 | D:5      | 2902 ||| Stepping randomly (stuck).
  2903 | D:5      | 2903 ||| Stepping randomly (stuck).
  2904 | D:5      | 2904 ||| Stepping randomly (stuck).
  2905 | D:5      | 2905 ||| Stepping randomly (stuck).
  2906 | D:5      | 2906 ||| Stepping randomly (stuck).
  2907 | D:5      | 2907 ||| Stepping randomly (stuck).
  2908 | D:5      | 2908 ||| Stepping randomly (stuck).
  2909 | D:5      | 2909 ||| Stepping randomly (stuck).
  2910 | D:5      | 2910 ||| Stepping randomly (stuck).
  2911 | D:5      | 2911 ||| Stepping randomly (stuck).
  2912 | D:5      | 2912 ||| Stepping randomly (stuck).
  2913 | D:5      | 2913 ||| Stepping randomly (stuck).
  2914 | D:5      | 2914 ||| Stepping randomly (stuck).
  2915 | D:5      | 2915 ||| Stepping randomly (stuck).
  2916 | D:5      | 2916 ||| Stepping randomly (stuck).
  2917 | D:5      | 2917 ||| Stepping randomly (stuck).
  2918 | D:5      | 2918 ||| Stepping randomly (stuck).
  2919 | D:5      | 2919 ||| Stepping randomly (stuck).
  2920 | D:5      | 2920 ||| Stepping randomly (stuck).
  2921 | D:5      | 2921 ||| Stepping randomly (stuck).
  2922 | D:5      | 2922 ||| Stepping randomly (stuck).
  2923 | D:5      | 2923 ||| Stepping randomly (stuck).
  2924 | D:5      | 2924 ||| Stepping randomly (stuck).
  2925 | D:5      | 2925 ||| Stepping randomly (stuck).
  2926 | D:5      | 2926 ||| Stepping randomly (stuck).
  2927 | D:5      | 2927 ||| Stepping randomly (stuck).
  2928 | D:5      | 2928 ||| Stepping randomly (stuck).
  2929 | D:5      | 2929 ||| Stepping randomly (stuck).
  2930 | D:5      | 2930 ||| Stepping randomly (stuck).
  2931 | D:5      | 2931 ||| Stepping randomly (stuck).
  2932 | D:5      | 2932 ||| Stepping randomly (stuck).
  2933 | D:5      | 2933 ||| Stepping randomly (stuck).
  2934 | D:5      | 2934 ||| Stepping randomly (stuck).
  2935 | D:5      | 2935 ||| Stepping randomly (stuck).
  2936 | D:5      | 2936 ||| Stepping randomly (stuck).
  2937 | D:5      | 2937 ||| Stepping randomly (stuck).
  2938 | D:5      | 2938 ||| Stepping randomly (stuck).
  2939 | D:5      | 2939 ||| Stepping randomly (stuck).
  2940 | D:5      | 2940 ||| Stepping randomly (stuck).
  2941 | D:5      | 2941 ||| Stepping randomly (stuck).
  2942 | D:5      | 2942 ||| Stepping randomly (stuck).
  2943 | D:5      | 2943 ||| Stepping randomly (stuck).
  2944 | D:5      | 2944 ||| Stepping randomly (stuck).
  2945 | D:5      | 2945 ||| Stepping randomly (stuck).
  2946 | D:5      | 2946 ||| Stepping randomly (stuck).
  2947 | D:5      | 2947 ||| Stepping randomly (stuck).
  2948 | D:5      | 2948 ||| Stepping randomly (stuck).
  2949 | D:5      | 2949 ||| Stepping randomly (stuck).
  2950 | D:5      | 2950 ||| Stepping randomly (stuck).
  2951 | D:5      | 2951 ||| Stepping randomly (stuck).
  2952 | D:5      | 2952 ||| Stepping randomly (stuck).
  2953 | D:5      | 2953 ||| Stepping randomly (stuck).
  2954 | D:5      | 2954 ||| Stepping randomly (stuck).
  2955 | D:5      | 2955 ||| Stepping randomly (stuck).
  2956 | D:5      | 2956 ||| Stepping randomly (stuck).
  2957 | D:5      | 2957 ||| Stepping randomly (stuck).
  2958 | D:5      | 2958 ||| Stepping randomly (stuck).
  2959 | D:5      | 2959 ||| Stepping randomly (stuck).
  2960 | D:5      | 2960 ||| Stepping randomly (stuck).
  2961 | D:5      | 2961 ||| Stepping randomly (stuck).
  2962 | D:5      | 2962 ||| Stepping randomly (stuck).
  2963 | D:5      | 2963 ||| Stepping randomly (stuck).
  2964 | D:5      | 2964 ||| Stepping randomly (stuck).
  2965 | D:5      | 2965 ||| Stepping randomly (stuck).
  2966 | D:5      | 2966 ||| Stepping randomly (stuck).
  2967 | D:5      | 2967 ||| Stepping randomly (stuck).
  2968 | D:5      | 2968 ||| Stepping randomly (stuck).
  2969 | D:5      | 2969 ||| Stepping randomly (stuck).
  2970 | D:5      | 2970 ||| Stepping randomly (stuck).
  2971 | D:5      | 2971 ||| Stepping randomly (stuck).
  2972 | D:5      | 2972 ||| Stepping randomly (stuck).
  2973 | D:5      | 2973 ||| Stepping randomly (stuck).
  2974 | D:5      | 2974 ||| Stepping randomly (stuck).
  2975 | D:5      | 2975 ||| Stepping randomly (stuck).
  2976 | D:5      | 2976 ||| Stepping randomly (stuck).
  2977 | D:5      | 2977 ||| Stepping randomly (stuck).
  2978 | D:5      | 2978 ||| Stepping randomly (stuck).
  2979 | D:5      | 2979 ||| Stepping randomly (stuck).
  2980 | D:5      | 2980 ||| Stepping randomly (stuck).
  2981 | D:5      | 2981 ||| Stepping randomly (stuck).
  2982 | D:5      | 2982 ||| Stepping randomly (stuck).
  2983 | D:5      | 2983 ||| Stepping randomly (stuck).
  2984 | D:5      | 2984 ||| Stepping randomly (stuck).
  2985 | D:5      | 2985 ||| Stepping randomly (stuck).
  2986 | D:5      | 2986 ||| Stepping randomly (stuck).
  2987 | D:5      | 2987 ||| Stepping randomly (stuck).
  2988 | D:5      | 2988 ||| Stepping randomly (stuck).
  2989 | D:5      | 2989 ||| Stepping randomly (stuck).
  2990 | D:5      | 2990 ||| Stepping randomly (stuck).
  2991 | D:5      | 2991 ||| Stepping randomly (stuck).
  2992 | D:5      | 2992 ||| Stepping randomly (stuck).
  2993 | D:5      | 2993 ||| Stepping randomly (stuck).
  2994 | D:5      | 2994 ||| Stepping randomly (stuck).
  2995 | D:5      | 2995 ||| Stepping randomly (stuck).
  2996 | D:5      | 2996 ||| Stepping randomly (stuck).
  2997 | D:5      | 2997 ||| Stepping randomly (stuck).
  2998 | D:5      | 2998 ||| Stepping randomly (stuck).
  2999 | D:5      | 2999 ||| Stepping randomly (stuck).
  3000 | D:5      | 3000 ||| Stepping randomly (stuck).
  3001 | D:5      | 3001 ||| Stepping randomly (stuck).
  3002 | D:5      | 3002 ||| Stepping randomly (stuck).
  3003 | D:5      | 3003 ||| Stepping randomly (stuck).
  3004 | D:5      | 3004 ||| Stepping randomly (stuck).
  3005 | D:5      | 3005 ||| Stepping randomly (stuck).
  3006 | D:5      | 3006 ||| Stepping randomly (stuck).
  3007 | D:5      | 3007 ||| Stepping randomly (stuck).
  3008 | D:5      | 3008 ||| Stepping randomly (stuck).
  3009 | D:5      | 3009 ||| Stepping randomly (stuck).
  3010 | D:5      | 3010 ||| Stepping randomly (stuck).
  3011 | D:5      | 3011 ||| Stepping randomly (stuck).
  3012 | D:5      | 3012 ||| Stepping randomly (stuck).
  3013 | D:5      | 3013 ||| Stepping randomly (stuck).
  3014 | D:5      | 3014 ||| Stepping randomly (stuck).
  3015 | D:5      | 3015 ||| Stepping randomly (stuck).
  3016 | D:5      | 3016 ||| Stepping randomly (stuck).
  3017 | D:5      | 3017 ||| Stepping randomly (stuck).
  3018 | D:5      | 3018 ||| Stepping randomly (stuck).
  3019 | D:5      | 3019 ||| Stepping randomly (stuck).
  3020 | D:5      | 3020 ||| Stepping randomly (stuck).
  3021 | D:5      | 3021 ||| Stepping randomly (stuck).
  3022 | D:5      | 3022 ||| Stepping randomly (stuck).
  3023 | D:5      | 3023 ||| Stepping randomly (stuck).
  3024 | D:5      | 3024 ||| Stepping randomly (stuck).
  3025 | D:5      | 3025 ||| Stepping randomly (stuck).
  3026 | D:5      | 3026 ||| Stepping randomly (stuck).
  3027 | D:5      | 3027 ||| Stepping randomly (stuck).
  3028 | D:5      | 3028 ||| Stepping randomly (stuck).
  3029 | D:5      | 3029 ||| Stepping randomly (stuck).
  3030 | D:5      | 3030 ||| Stepping randomly (stuck).
  3031 | D:5      | 3031 ||| Stepping randomly (stuck).
  3032 | D:5      | 3032 ||| Stepping randomly (stuck).
  3033 | D:5      | 3033 ||| Stepping randomly (stuck).
  3034 | D:5      | 3034 ||| Stepping randomly (stuck).
  3035 | D:5      | 3035 ||| Stepping randomly (stuck).
  3036 | D:5      | 3036 ||| Stepping randomly (stuck).
  3037 | D:5      | 3037 ||| Stepping randomly (stuck).
  3038 | D:5      | 3038 ||| Stepping randomly (stuck).
  3039 | D:5      | 3039 ||| Stepping randomly (stuck).
  3040 | D:5      | 3040 ||| Stepping randomly (stuck).
  3041 | D:5      | 3041 ||| Stepping randomly (stuck).
  3042 | D:5      | 3042 ||| Stepping randomly (stuck).
  3043 | D:5      | 3043 ||| Stepping randomly (stuck).
  3044 | D:5      | 3044 ||| Stepping randomly (stuck).
  3045 | D:5      | 3045 ||| Stepping randomly (stuck).
  3046 | D:5      | 3046 ||| Stepping randomly (stuck).
  3047 | D:5      | 3047 ||| Stepping randomly (stuck).
  3048 | D:5      | 3048 ||| Stepping randomly (stuck).
  3049 | D:5      | 3049 ||| Stepping randomly (stuck).
  3050 | D:5      | 3050 ||| Stepping randomly (stuck).
  3051 | D:5      | 3051 ||| Stepping randomly (stuck).
  3052 | D:5      | 3052 ||| Stepping randomly (stuck).
  3053 | D:5      | 3053 ||| Stepping randomly (stuck).
  3054 | D:5      | 3054 ||| Stepping randomly (stuck).
  3055 | D:5      | 3055 ||| Stepping randomly (stuck).
  3056 | D:5      | 3056 ||| Stepping randomly (stuck).
  3057 | D:5      | 3057 ||| Stepping randomly (stuck).
  3058 | D:5      | 3058 ||| Stepping randomly (stuck).
  3059 | D:5      | 3059 ||| Stepping randomly (stuck).
  3060 | D:5      | 3060 ||| Stepping randomly (stuck).
  3061 | D:5      | 3061 ||| Stepping randomly (stuck).
  3062 | D:5      | 3062 ||| Stepping randomly (stuck).
  3063 | D:5      | 3063 ||| Stepping randomly (stuck).
  3064 | D:5      | 3064 ||| Stepping randomly (stuck).
  3065 | D:5      | 3065 ||| Stepping randomly (stuck).
  3066 | D:5      | 3066 ||| Stepping randomly (stuck).
  3067 | D:5      | 3067 ||| Stepping randomly (stuck).
  3068 | D:5      | 3068 ||| Stepping randomly (stuck).
  3069 | D:5      | 3069 ||| Stepping randomly (stuck).
  3070 | D:5      | 3070 ||| Stepping randomly (stuck).
  3071 | D:5      | 3071 ||| Stepping randomly (stuck).
  3072 | D:5      | 3072 ||| Stepping randomly (stuck).
  3073 | D:5      | 3073 ||| Stepping randomly (stuck).
  3074 | D:5      | 3074 ||| Stepping randomly (stuck).
  3075 | D:5      | 3075 ||| Stepping randomly (stuck).
  3076 | D:5      | 3076 ||| Stepping randomly (stuck).
  3077 | D:5      | 3077 ||| Stepping randomly (stuck).
  3078 | D:5      | 3078 ||| Stepping randomly (stuck).
  3079 | D:5      | 3079 ||| Stepping randomly (stuck).
  3080 | D:5      | 3080 ||| Stepping randomly (stuck).
  3081 | D:5      | 3081 ||| Stepping randomly (stuck).
  3082 | D:5      | 3082 ||| Stepping randomly (stuck).
  3083 | D:5      | 3083 ||| Stepping randomly (stuck).
  3084 | D:5      | 3084 ||| Stepping randomly (stuck).
  3085 | D:5      | 3085 ||| Stepping randomly (stuck).
  3086 | D:5      | 3086 ||| Stepping randomly (stuck).
  3087 | D:5      | 3087 ||| Stepping randomly (stuck).
  3088 | D:5      | 3088 ||| Stepping randomly (stuck).
  3089 | D:5      | 3089 ||| Stepping randomly (stuck).
  3090 | D:5      | 3090 ||| Stepping randomly (stuck).
  3091 | D:5      | 3091 ||| Stepping randomly (stuck).
  3092 | D:5      | 3092 ||| Stepping randomly (stuck).
  3093 | D:5      | 3093 ||| Stepping randomly (stuck).
  3094 | D:5      | 3094 ||| Stepping randomly (stuck).
  3095 | D:5      | 3095 ||| Stepping randomly (stuck).
  3096 | D:5      | 3096 ||| Stepping randomly (stuck).
  3097 | D:5      | 3097 ||| Stepping randomly (stuck).
  3098 | D:5      | 3098 ||| Stepping randomly (stuck).
  3099 | D:5      | 3099 ||| Stepping randomly (stuck).
  3100 | D:5      | 3100 ||| Stepping randomly (stuck).
  3101 | D:5      | 3101 ||| Stepping randomly (stuck).
  3102 | D:5      | 3102 ||| Stepping randomly (stuck).
  3103 | D:5      | 3103 ||| Stepping randomly (stuck).
  3104 | D:5      | 3104 ||| Stepping randomly (stuck).
  3105 | D:5      | 3105 ||| Stepping randomly (stuck).
  3106 | D:5      | 3106 ||| Stepping randomly (stuck).
  3107 | D:5      | 3107 ||| Stepping randomly (stuck).
  3108 | D:5      | 3108 ||| Stepping randomly (stuck).
  3109 | D:5      | 3109 ||| Stepping randomly (stuck).
  3110 | D:5      | 3110 ||| Stepping randomly (stuck).
  3111 | D:5      | 3111 ||| Stepping randomly (stuck).
  3112 | D:5      | 3112 ||| Stepping randomly (stuck).
  3113 | D:5      | 3113 ||| Stepping randomly (stuck).
  3114 | D:5      | 3114 ||| Stepping randomly (stuck).
  3115 | D:5      | 3115 ||| Stepping randomly (stuck).
  3116 | D:5      | 3116 ||| Stepping randomly (stuck).
  3117 | D:5      | 3117 ||| Stepping randomly (stuck).
  3118 | D:5      | 3118 ||| Stepping randomly (stuck).
  3119 | D:5      | 3119 ||| Stepping randomly (stuck).
  3120 | D:5      | 3120 ||| Stepping randomly (stuck).
  3121 | D:5      | 3121 ||| Stepping randomly (stuck).
  3122 | D:5      | 3122 ||| Stepping randomly (stuck).
  3123 | D:5      | 3123 ||| Stepping randomly (stuck).
  3124 | D:5      | 3124 ||| Stepping randomly (stuck).
  3125 | D:5      | 3125 ||| Stepping randomly (stuck).
  3126 | D:5      | 3126 ||| Stepping randomly (stuck).
  3127 | D:5      | 3127 ||| Stepping randomly (stuck).
  3128 | D:5      | 3128 ||| Stepping randomly (stuck).
  3129 | D:5      | 3129 ||| Stepping randomly (stuck).
  3130 | D:5      | 3130 ||| Stepping randomly (stuck).
  3131 | D:5      | 3131 ||| Stepping randomly (stuck).
  3132 | D:5      | 3132 ||| Stepping randomly (stuck).
  3133 | D:5      | 3133 ||| Stepping randomly (stuck).
  3134 | D:5      | 3134 ||| Stepping randomly (stuck).
  3135 | D:5      | 3135 ||| Stepping randomly (stuck).
  3136 | D:5      | 3136 ||| Stepping randomly (stuck).
  3137 | D:5      | 3137 ||| Stepping randomly (stuck).
  3138 | D:5      | 3138 ||| Stepping randomly (stuck).
  3139 | D:5      | 3139 ||| Stepping randomly (stuck).
  3140 | D:5      | 3140 ||| Stepping randomly (stuck).
  3141 | D:5      | 3141 ||| Stepping randomly (stuck).
  3142 | D:5      | 3142 ||| Stepping randomly (stuck).
  3143 | D:5      | 3143 ||| Stepping randomly (stuck).
  3144 | D:5      | 3144 ||| Stepping randomly (stuck).
  3145 | D:5      | 3145 ||| Stepping randomly (stuck).
  3146 | D:5      | 3146 ||| Stepping randomly (stuck).
  3147 | D:5      | 3147 ||| Stepping randomly (stuck).
  3148 | D:5      | 3148 ||| Stepping randomly (stuck).
  3149 | D:5      | 3149 ||| Stepping randomly (stuck).
  3150 | D:5      | 3150 ||| Stepping randomly (stuck).
  3151 | D:5      | 3151 ||| Stepping randomly (stuck).
  3152 | D:5      | 3152 ||| Stepping randomly (stuck).
  3153 | D:5      | 3153 ||| Stepping randomly (stuck).
  3154 | D:5      | 3154 ||| Stepping randomly (stuck).
  3155 | D:5      | 3155 ||| Stepping randomly (stuck).
  3156 | D:5      | 3156 ||| Stepping randomly (stuck).
  3157 | D:5      | 3157 ||| Stepping randomly (stuck).
  3158 | D:5      | 3158 ||| Stepping randomly (stuck).
  3159 | D:5      | 3159 ||| Stepping randomly (stuck).
  3160 | D:5      | 3160 ||| Stepping randomly (stuck).
  3161 | D:5      | 3161 ||| Stepping randomly (stuck).
  3162 | D:5      | 3162 ||| Stepping randomly (stuck).
  3163 | D:5      | 3163 ||| Stepping randomly (stuck).
  3164 | D:5      | 3164 ||| Stepping randomly (stuck).
  3165 | D:5      | 3165 ||| Stepping randomly (stuck).
  3166 | D:5      | 3166 ||| Stepping randomly (stuck).
  3167 | D:5      | 3167 ||| Stepping randomly (stuck).
  3168 | D:5      | 3168 ||| Stepping randomly (stuck).
  3169 | D:5      | 3169 ||| Stepping randomly (stuck).
  3170 | D:5      | 3170 ||| Stepping randomly (stuck).
  3171 | D:5      | 3171 ||| Stepping randomly (stuck).
  3172 | D:5      | 3172 ||| Stepping randomly (stuck).
  3173 | D:5      | 3173 ||| Stepping randomly (stuck).
  3174 | D:5      | 3174 ||| Stepping randomly (stuck).
  3175 | D:5      | 3175 ||| Stepping randomly (stuck).
  3176 | D:5      | 3176 ||| Stepping randomly (stuck).
  3177 | D:5      | 3177 ||| Stepping randomly (stuck).
  3178 | D:5      | 3178 ||| Stepping randomly (stuck).
  3179 | D:5      | 3179 ||| Stepping randomly (stuck).
  3180 | D:5      | 3180 ||| Stepping randomly (stuck).
  3181 | D:5      | 3181 ||| Stepping randomly (stuck).
  3182 | D:5      | 3182 ||| Stepping randomly (stuck).
  3183 | D:5      | 3183 ||| Stepping randomly (stuck).
  3184 | D:5      | 3184 ||| Stepping randomly (stuck).
  3185 | D:5      | 3185 ||| Stepping randomly (stuck).
  3186 | D:5      | 3186 ||| Stepping randomly (stuck).
  3187 | D:5      | 3187 ||| Stepping randomly (stuck).
  3188 | D:5      | 3188 ||| Stepping randomly (stuck).
  3189 | D:5      | 3189 ||| Stepping randomly (stuck).
  3190 | D:5      | 3190 ||| Stepping randomly (stuck).
  3191 | D:5      | 3191 ||| Stepping randomly (stuck).
  3192 | D:5      | 3192 ||| Stepping randomly (stuck).
  3193 | D:5      | 3193 ||| Stepping randomly (stuck).
  3194 | D:5      | 3194 ||| Stepping randomly (stuck).
  3195 | D:5      | 3195 ||| Stepping randomly (stuck).
  3196 | D:5      | 3196 ||| Stepping randomly (stuck).
  3197 | D:5      | 3197 ||| Stepping randomly (stuck).
  3198 | D:5      | 3198 ||| Stepping randomly (stuck).
  3199 | D:5      | 3199 ||| Stepping randomly (stuck).
  3200 | D:5      | 3200 ||| Stepping randomly (stuck).
  3201 | D:5      | 3201 ||| Stepping randomly (stuck).
  3202 | D:5      | 3202 ||| Stepping randomly (stuck).
  3203 | D:5      | 3203 ||| Stepping randomly (stuck).
  3204 | D:5      | 3204 ||| Stepping randomly (stuck).
  3205 | D:5      | 3205 ||| Stepping randomly (stuck).
  3206 | D:5      | 3206 ||| Stepping randomly (stuck).
  3207 | D:5      | 3207 ||| Stepping randomly (stuck).
  3208 | D:5      | 3208 ||| Stepping randomly (stuck).
  3209 | D:5      | 3209 ||| Stepping randomly (stuck).
  3210 | D:5      | 3210 ||| Stepping randomly (stuck).
  3211 | D:5      | 3211 ||| Stepping randomly (stuck).
  3212 | D:5      | 3212 ||| Stepping randomly (stuck).
  3213 | D:5      | 3213 ||| Stepping randomly (stuck).
  3214 | D:5      | 3214 ||| Stepping randomly (stuck).
  3215 | D:5      | 3215 ||| Stepping randomly (stuck).
  3216 | D:5      | 3216 ||| Stepping randomly (stuck).
  3217 | D:5      | 3217 ||| Stepping randomly (stuck).
  3218 | D:5      | 3218 ||| Stepping randomly (stuck).
  3219 | D:5      | 3219 ||| Stepping randomly (stuck).
  3220 | D:5      | 3220 ||| Stepping randomly (stuck).
  3221 | D:5      | 3221 ||| Stepping randomly (stuck).
  3222 | D:5      | 3222 ||| Stepping randomly (stuck).
  3223 | D:5      | 3223 ||| Stepping randomly (stuck).
  3224 | D:5      | 3224 ||| Stepping randomly (stuck).
  3225 | D:5      | 3225 ||| Stepping randomly (stuck).
  3226 | D:5      | 3226 ||| Stepping randomly (stuck).
  3227 | D:5      | 3227 ||| Stepping randomly (stuck).
  3228 | D:5      | 3228 ||| Stepping randomly (stuck).
  3229 | D:5      | 3229 ||| Stepping randomly (stuck).
  3230 | D:5      | 3230 ||| Stepping randomly (stuck).
  3231 | D:5      | 3231 ||| Stepping randomly (stuck).
  3239 | D:5      | 3239 ||| Stepping randomly (stuck).
  3240 | D:5      | 3240 ||| Stepping randomly (stuck).
  3241 | D:5      | 3241 ||| Stepping randomly (stuck).
  3242 | D:5      | 3242 ||| Stepping randomly (stuck).
  3243 | D:5      | 3243 ||| Stepping randomly (stuck).
  3244 | D:5      | 3244 ||| Stepping randomly (stuck).
  3245 | D:5      | 3245 ||| Stepping randomly (stuck).
  3246 | D:5      | 3246 ||| Stepping randomly (stuck).
  3247 | D:5      | 3247 ||| Stepping randomly (stuck).
  3248 | D:5      | 3248 ||| Stepping randomly (stuck).
  3249 | D:5      | 3249 ||| Stepping randomly (stuck).
  3250 | D:5      | 3250 ||| Stepping randomly (stuck).
  3251 | D:5      | 3251 ||| Stepping randomly (stuck).
  3252 | D:5      | 3252 ||| Stepping randomly (stuck).
  3252 | D:5      | Found a shadowy altar of Dithmenos.
  3253 | D:5      | 3253 ||| RIP SEWER
  3253 | D:5      | 3253 ||| PLANNING D:1-11
  3402 | D:5      | 3402 ||| UPGRADING to +0 pair of gloves.
  3426 | D:4      | 3426 ||| FLEEEEING.
  3427 | D:4      | 3427 ||| FLEEEEING.
  3428 | D:4      | 3428 ||| FLEEEEING.
  3429 | D:4      | 3429 ||| STAIRDANCE
  3430 | D:3      | 3430 ||| RIP SEWER
  3431 | D:3      | 3431 ||| READING scroll of enchant armour.
  3431 | D:3      | 3431 ||| ENCHANTING +0 pair of gloves.
  3490 | D:3      | Reached XP level 8. HP: 49/49 MP: 8/8
  3626 | D:3      | 3626 ||| DRINKING 2 potions of mutation.
  3626 | D:3      | Lost mutation: You are somewhat resistant to further
                  | mutation. [potion of mutation]
  3626 | D:3      | Lost mutation: You are vulnerable to cold. (rC-) [potion of
                  | mutation]
  3626 | D:3      | Lost mutation: You have an increased reservoir of magic.
                  | (+10% MP) [potion of mutation]
  3626 | D:3      | Gained mutation: You sometimes lose your temper in combat.
                  | [potion of mutation]
  3626 | D:3      | Gained mutation: Your flesh is cold resistant. (rC+)
                  | [potion of mutation]
  3626 | D:3      | Lost mutation: You sometimes lose your temper in combat.
                  | [potion of mutation]
  3698 | D:3      | 3698 ||| UPGRADING to +0 plate armour.
  3708 | D:3      | 3708 ||| DROPPING +0 scale mail.
  3791 | D:4      | Found a staircase to the Ecumenical Temple.
  3792 | D:4      | 3792 ||| PLANNING TEMPLE
  3792 | D:4      | 3792 ||| READING scroll labelled ISYITS PEIWN.
  3802 | Temple   | Entered the Ecumenical Temple
  3803 | Temple   | 3803 ||| PLANNING OKAWARU WORSHIP
  3821 | Temple   | Became a worshipper of Warmaster Okawaru
  3822 | Temple   | 3822 ||| PLANNING D:1-11
  4287 | D:4      | Found a shimmering blue altar of Sif Muna.
  4388 | D:4      | 4388 ||| READING scroll labelled BIHEDI FITHRI.
  4389 | D:4      | 4389 ||| READING scroll labelled NAH LEXUEMNEYME.
  4390 | D:4      | 4390 ||| READING scroll labelled QOUPHU YCKOGISA.
  4391 | D:4      | 4391 ||| READING scroll labelled HOMOGG KUCW.
  4392 | D:4      | 4392 ||| READING 2 scrolls of identify.
  4392 | D:4      | 4392 ||| IDENTIFYING white potion
  4469 | D:5      | Reached skill level 8 in Axes
  4703 | D:6      | Found a broken altar of Ashenzari.
  4717 | D:6      | Identified the amulet "Wink" {Reflect rF+ Dex+3 SH+5}
  4772 | D:6      | Reached * piety under Okawaru
  4795 | D:6      | Reached skill level 1 in Invocations
  4884 | D:6      | 4884 ||| INVOKING Heroism.
  4919 | D:6      | Identified the ring of the Four Nights {Ice Will+}
  5052 | D:6      | 5052 ||| INVOKING Heroism.
  5058 | D:6      | Reached skill level 6 in Fighting
  5058 | D:6      | Reached XP level 9. HP: 42/55 MP: 7/11
  5066 | D:6      | 5066 ||| INVOKING Heroism.
  5099 | D:6      | 5099 ||| FLEEEEING.
  5100 | D:6      | 5100 ||| FLEEEEING.
  5101 | D:6      | 5101 ||| FLEEEEING.
  5102 | D:6      | 5102 ||| FLEEEEING.
  5103 | D:6      | 5103 ||| FLEEEEING.
  5106 | D:6      | 5106 ||| FLEEEEING.
  5107 | D:6      | 5107 ||| FLEEEEING.
  5108 | D:6      | 5108 ||| FLEEEEING.
  5109 | D:6      | 5109 ||| FLEEEEING.
  5110 | D:6      | 5110 ||| FLEEEEING.
  5111 | D:6      | 5111 ||| FLEEEEING.
  5112 | D:6      | 5112 ||| FLEEEEING.
  5117 | D:6      | 5117 ||| FLEEEEING.
  5125 | D:6      | 5125 ||| Stepping ~*~*~tactically~*~*~ (stealth).
  5172 | D:6      | Reached skill level 3 in Invocations
  5360 | D:6      | 5360 ||| UPGRADING to amulet "Wink" {Reflect rF+ Dex+3
                  | SH+5}.
  5365 | D:6      | 5365 ||| UPGRADING to ring of protection from cold.
  5366 | D:6      | 5366 ||| UPGRADING to ring of the Four Nights {Ice Will+}.
  5367 | D:6      | 5367 ||| READING scroll labelled GAODAEC XALYEN.
  5368 | D:6      | 5368 ||| READING scroll labelled CUNESHR PEXES.
  5403 | D:7      | 5403 ||| Stepping ~*~*~tactically~*~*~ (hiding).
  5520 | D:7      | Noticed Prince Ribbit
  5521 | D:7      | 5521 ||| INVOKING Heroism.
  5527 | D:7      | Killed Prince Ribbit
  5595 | D:7      | 5595 ||| Stepping ~*~*~tactically~*~*~ (hiding).
  5596 | D:7      | 5596 ||| Stepping ~*~*~tactically~*~*~ (hiding).
  5599 | D:7      | 5599 ||| Stepping ~*~*~tactically~*~*~ (hiding).
  5601 | D:7      | 5601 ||| INVOKING Heroism.
  5615 | D:7      | Reached skill level 9 in Axes
  5787 | D:7      | 5787 ||| READING 2 scrolls of enchant armour.
  5787 | D:7      | 5787 ||| ENCHANTING +1 pair of gloves.
  5788 | D:7      | 5788 ||| READING scroll of enchant armour.
  5788 | D:7      | 5788 ||| ENCHANTING +0 plate armour.
  5807 | D:7      | 5807 ||| Stepping ~*~*~tactically~*~*~ (hiding).
  5808 | D:7      | 5808 ||| Stepping ~*~*~tactically~*~*~ (hiding).
  5809 | D:7      | 5809 ||| Stepping ~*~*~tactically~*~*~ (hiding).
  5980 | D:7      | Identified the +0 scale mail of the King of the Hill {rF+}
  6248 | D:7      | 6248 ||| UPGRADING to ring of see invisible.
  6250 | D:7      | 6250 ||| UPGRADING to ring of protection from cold.
  6252 | D:7      | 6252 ||| READING 2 scrolls of identify.
  6252 | D:7      | 6252 ||| IDENTIFYING fizzy cyan potion
  6348 | D:8      | Reached skill level 6 in Armour
  6366 | D:8      | Noticed Maurice
  6367 | D:8      | 6367 ||| Stepping ~*~*~tactically~*~*~ (hiding).
  6380 | D:8      | 6380 ||| INVOKING Heroism.
  6383 | D:8      | 6383 ||| Stepping ~*~*~tactically~*~*~ (hiding).
  6387 | D:8      | 6387 ||| Stepping ~*~*~tactically~*~*~ (hiding).
  6388 | D:8      | 6388 ||| Stepping ~*~*~tactically~*~*~ (hiding).
  6391 | D:8      | 6391 ||| Stepping ~*~*~tactically~*~*~ (hiding).
  6394 | D:8      | Killed Maurice
  6394 | D:8      | Reached ** piety under Okawaru
  6544 | D:8      | 6544 ||| INVOKING Heroism.
  6603 | D:8      | Reached XP level 10. HP: 63/63 MP: 13/13
  6658 | D:8      | Noticed Grum
  6659 | D:8      | 6659 ||| Stepping ~*~*~tactically~*~*~ (stealth).
  6670 | D:8      | 6670 ||| Stepping ~*~*~tactically~*~*~ (hiding).
  6671 | D:8      | 6671 ||| Stepping ~*~*~tactically~*~*~ (hiding).
  6672 | D:8      | 6672 ||| INVOKING Heroism.
  6675 | D:8      | Killed Grum
  6713 | D:8      | Found a bloodstained altar of Trog.
  6719 | D:8      | Reached skill level 10 in Axes
  6729 | D:8      | 6729 ||| INVOKING Heroism.
  6773 | D:8      | Noticed Pikel
  6774 | D:8      | 6774 ||| FLEEEEING.
  6870 | D:8      | 6870 ||| UPGRADING to +0 cloak.
  6876 | D:8      | 6876 ||| DRINKING 2 lumpy green potions.
  6877 | D:8      | 6877 ||| FLEEEEING.
  6878 | D:8      | 6878 ||| FLEEEEING.
  6879 | D:8      | 6879 ||| FLEEEEING.
  6880 | D:8      | 6880 ||| FLEEEEING.
  6883 | D:8      | 6883 ||| FLEEEEING.
  6884 | D:8      | 6884 ||| FLEEEEING.
  6885 | D:8      | 6885 ||| FLEEEEING.
  6886 | D:8      | 6886 ||| FLEEEEING.
  6887 | D:8      | 6887 ||| FLEEEEING.
  6888 | D:8      | 6888 ||| FLEEEEING.
  6889 | D:8      | 6889 ||| FLEEEEING.
  6890 | D:8      | 6890 ||| FLEEEEING.
  6891 | D:8      | 6891 ||| FLEEEEING.
  6892 | D:8      | 6892 ||| FLEEEEING.
  6893 | D:8      | 6893 ||| FLEEEEING.
  6894 | D:8      | 6894 ||| FLEEEEING.
  6895 | D:8      | 6895 ||| FLEEEEING.
  6901 | D:8      | Killed Pikel
  6929 | D:8      | Found a sacrificial altar of Ru.
  6959 | D:8      | Found a transporter.
  6975 | D:8      | Found a bloodstained altar of Trog.
  6986 | D:8      | Noticed a moth of wrath
  6987 | D:8      | Found a transporter.
  6990 | D:8      | Noticed qw's ghost (novice GrFi)
  6999 | D:8      | 6999 ||| Stepping ~*~*~tactically~*~*~ (stealth).
  7000 | D:8      | 7000 ||| INVOKING Heroism.
  7040 | D:8      | Found a staircase to the Lair.
  7167 | D:8      | 7167 ||| Stepping ~*~*~tactically~*~*~ (stealth).
  7215 | D:8      | 7215 ||| INVOKING Heroism.
  7229 | D:8      | 7229 ||| UPGRADING to +2 buckler.
  7239 | D:8      | 7239 ||| DROPPING +0 buckler.
  7284 | D:8      | Found a glowing golden altar of the Shining One.
  7399 | D:8      | 7399 ||| UPGRADING to +2 cloak.
  7409 | D:8      | 7409 ||| DROPPING +0 cloak.
  7447 | D:8      | 7447 ||| PLANNING LAIR
  7447 | D:8      | 7447 ||| DRINKING 2 sedimented clear potions.
  7476 | D:8      | 7476 ||| DROPPING potion of invisibility.
  7520 | Lair:1   | Entered Level 1 of the Lair of Beasts
  7536 | Lair:1   | 7536 ||| Stepping ~*~*~tactically~*~*~ (stealth).
  7543 | Lair:1   | Reached *** piety under Okawaru
  7544 | Lair:1   | Noticed a cane toad
  7545 | Lair:1   | 7545 ||| INVOKING Heroism.
  7553 | Lair:1   | Killed a cane toad
  7751 | Lair:1   | 7751 ||| INVOKING Heroism.
  7759 | Lair:1   | Reached skill level 11 in Axes
  7813 | Lair:1   | Reached XP level 11. HP: 68/68 MP: 14/14
  7813 | Lair:1   | Noticed Nergalle
  7815 | Lair:1   | 7815 ||| Stepping ~*~*~tactically~*~*~ (hiding).
  7819 | Lair:1   | 7819 ||| INVOKING Heroism.
  7821 | Lair:1   | Killed Nergalle
  8032 | Lair:1   | 8032 ||| Stepping ~*~*~tactically~*~*~ (stealth).
  8037 | Lair:1   | Reached **** piety under Okawaru
  8037 | Lair:1   | Received a gift from Okawaru
  8155 | Lair:1   | 8155 ||| INVOKING Heroism.
  8158 | Lair:1   | Noticed an alligator
  8167 | Lair:1   | Noticed an eight-headed hydra
  8169 | Lair:1   | Killed an alligator
  8169 | Lair:1   | Noticed a death yak
  8170 | Lair:1   | Reached skill level 9 in Fighting
  8171 | Lair:1   | 8171 ||| SWAPPING to +1 flail of holy wrath.
  8179 | Lair:1   | HP: 17/71 [eight-headed hydra (5)]
  8179 | Lair:1   | HP: 8/71 [death yak (9)]
  8180 | Lair:1   | 8180 ||| DRINKING 2 potions of heal wounds.
  8181 | Lair:1   | 8181 ||| DRINKING potion of heal wounds.
  8186 | Lair:1   | HP: 7/71 [eight-headed hydra (1)]
  8187 | Lair:1   | 8187 ||| INVOKING Heroism.
  8188 | Lair:1   | HP: 1/71 [eight-headed hydra (5)]
  8188 | Lair:1   | Slain by an eight-headed hydra

Levels and vault maps discovered:
D:1:      dpeg_arrival_rooms_b, layout_rooms, serial_shops,
          nicolae_shop_advertising_works [nicolae_subvault_shop_adworks]
D:2:      layout_basic, basic_altar
D:3:      layout_rooms, mainiacjoe_overflow_chevrons, gup_sewer_entry_bubbles,
          uniq_robin, uniq_ijyb
D:4:      layout_loops_ring, lemuel_blue_sif_altar, temple_fountains
D:5:      layout_cave_pools, mainiacjoe_overflow_alcove_1,
          minmay_misc_feat_four_crosses, serial_bayou_pond_b,
          kennysheep_generic_room_6, uniq_duvessa, uniq_eustachio
D:6:      nicolae_BIG_FREAKIN_CUBE, layout_loops_ring,
          mainiacjoe_overflow_boulevard
D:7:      layout_gridville, uniq_prince_ribbit1
D:8:      layout_loops_cross, nicolae_overflow_squiral, hangedman_ru_absence,
          lair_entry_dummy, gammafunk_ghost_wrathful_warriors,
          kennysheep_generic_room_8, uniq_pikel, uniq_grum, uniq_maurice
Temple:   minmay_freezing_vapour_temple
Lair:1:   layout_cave_pods, nicolae_lair_lakeside_cave, uniq_nergalle

Skill      XL: |  1  2  3  4  5  6  7  8  9 10 11 |
---------------+----------------------------------+-----
Axes           | 2 3 4 5 6 7 8 9 11 | 11.0
Fighting       | 4 5 6 7 8 9 |  9.3
Dodging        | 1 2 |  2.5
Throwing       | 1 2 |  2.3
Armour         | 5 6 7 8 |  8.2
Invocations    | 2 4 5 |  5.0
Shields        | 4 5 |  5.3

Action                     |  1- 3 |  4- 6 |  7- 9 | 10-12 || total
---------------------------+-------+-------+-------+-------++-------
  Melee: War axe           |   116 |   108 |   234 |   121 ||   579
         Flail             |       |       |       |    14 ||    14
  Throw: Boomerang         |       |    29 |    74 |     8 ||   111
 Invoke: Heroism           |       |       |     7 |     9 ||    16
    Use: Scroll            |     4 |     2 |    12 |       ||    18
         Potion            |     1 |     2 |     3 |     4 ||    10
 Armour: Scale mail        |    63 |   141 |    48 |       ||   252
         Plate armour      |       |       |   128 |   199 ||   327
  Dodge: Dodged            |    63 |   109 |    88 |    89 ||   349
  Block: Buckler           |    28 |    41 |    66 |   142 ||   277
         Reflection        |       |       |     1 |     2 ||     3

Table legend:
 A = Non-vault XP
 B = Vault XP
 C = Vault XP percentage of total XP
 D = Non-vault monster count
 E = Vault monster count
 F = Vault count percentage of total count
                 A         B        C        D         E       F
            +---------+---------+-------+---------+---------+-------
      Total |    7623 |    5378 |  41.4 |     149 |      42 |  22.0
            +---------+---------+-------+---------+---------+-------
        D:1 |      32 |       0 |   0.0 |      21 |       0 |   0.0
        D:2 |      20 |      29 |  59.2 |      10 |       8 |  44.4
        D:3 |     109 |      72 |  39.8 |      13 |      12 |  48.0
        D:4 |     212 |       0 |   0.0 |       8 |       0 |   0.0
        D:5 |     679 |     519 |  43.3 |      26 |       8 |  23.5
        D:6 |     958 |       0 |   0.0 |      13 |       0 |   0.0
        D:7 |     845 |     277 |  24.7 |      14 |       1 |   6.7
        D:8 |    1730 |    1615 |  48.3 |      27 |       6 |  18.2
     Lair:1 |    3038 |    2866 |  48.5 |      17 |       7 |  29.2
            +---------+---------+-------+---------+---------+-------
